 Dungeon Crawl Stone Soup version 0.24-a0-317-g5cb8de4 (webtiles) character file.

Game seed: 783822689034701006

2954 MisterFreud the Transmogrifier (level 9, -2/57 HPs)
             Began as a Pale Draconian Transmuter on May 16, 2019.
             Was a Believer of Hepliaklqana.
             Slain by an unseen horror (6 damage)
             ... on level 8 of the Dungeon.
             The game lasted 00:19:24 (6827 turns).

MisterFreud the Transmogrifier (DrTm)               Turns: 6827, Time: 00:19:25

Health: -2/57      AC:  2    Str: 14    XL:     9   Next: 52%
Magic:  16/18      EV: 24    Int: 16    God:    Hepliaklqana [**....]
Gold:   326        SH:  0    Dex: 16    Spells: 9/20 levels left

rFire    . . .     SeeInvis .     - Unarmed
rCold    . . .     Gourm    .   (shield currently unavailable)
rNeg     . . .     Faith    .   (armour unavailable)
rPois    x         Spirit   .   (helmet currently unavailable)
rElec    .         Reflect  .   (cloak currently unavailable)
rCorr    .         Harm     .   (gloves currently unavailable)
MR       .....                  (boots currently unavailable)
Stlth    ++........             (no amulet)
HPRegen  0.19/turn              d - +5 ring of evasion
MPRegen  0.16/turn              A - ring of stealth

@: about to teleport, spider-form
A: tiny, (breathe steam), unfitting armour, reduced essence, AC +7
a: End Transformation, Recall Ancestor, Ancestor Identity, Renounce Religion


You were on level 8 of the Dungeon.
You worshipped Hepliaklqana.
Hepliaklqana was pleased with you.
You were hungry.
You were a venomous arachnid creature.
You visited 2 branches of the dungeon, and saw 9 of its levels.

You collected 326 gold pieces.

Inventory:

Missiles
 a - 104 arrows
 t - 17 bolts
 u - 19 boomerangs (quivered)
 v - 97 sling bullets
 w - 252 stones
 y - 11 poisoned darts
Armour
 b - a +0 buckler
 i - a +0 large shield
 o - a +1 cloak (melded)
 q - a +0 pair of boots (melded)
 z - a +0 pair of gloves
 B - a +1 pair of gloves of dexterity (melded)
Jewellery
 d - a +5 ring of evasion (left front leg)
 e - an uncursed ring of magical power
 A - a ring of stealth (right front leg)
Scrolls
 g - 4 scrolls of remove curse
 k - 4 scrolls of enchant armour
Potions
 f - 6 potions of curing
 h - 3 potions of agility
 j - 3 potions of brilliance
 l - 4 potions of magic
 m - 3 potions of flight
 n - a potion of berserk rage
 p - 4 potions of might
 r - a potion of lignification {unknown}
Comestibles
 c - 21 rations
 x - a chunk of flesh


   Skills:
 - Level 1.1 Fighting
 - Level 1.7 Dodging
 - Level 8.0 Unarmed Combat
 - Level 6.1 Spellcasting
 * Level 9.3 Transmutations


You had 9 spell levels left.
You knew the following spells:

 Your Spells              Type           Power        Failure   Level  Hunger
a - Beastly Appendage     Tmut           ####..       2%          1    None
b - Sticks to Snakes      Tmut           ####....     3%          2    #......
c - Spider Form           Tmut/Pois      ###.......   17%         3    ##.....
d - Blade Hands           Tmut           ####......   22%         5    ######.

Your spell library contained the following spells:

 Spells                   Type           Power        Failure   Level  Hunger
 Ice Form                 Ice/Tmut       ###.....     41%         4    ####...


Dungeon Overview and Level Annotations

Branches:
Dungeon (8/15)             Temple (1/1) D:5
   Lair: D:8-11

Altars:
Ashenzari
Dithmenos
Elyvilon
Fedhas
Gozag
Hepliaklqana
Kikubaaqudgha
Makhleb
Nemelex Xobeh
Okawaru
Qazlal
Ru
Sif Muna
Trog
Uskayaw
Vehumet
Wu Jian
Xom
Yredelemnul
Zin
The Shining One


Innate Abilities, Weirdness & Mutations

((You can breathe blasts of scalding, opaque steam.))
((Your pale cyan-grey scales are hard. (AC +7)))
You cannot fit into any form of body armour.
((You are cold-blooded and may be slowed by cold attacks.))
Your life essence is reduced to manifest your ancestor. (-10% HP)


Message History

An orc comes into view.
The brown ugly thing tail-slaps Xochitl but does no damage.
Something hits you.
* * * LOW HITPOINT WARNING * * *
Xochitl hits the brown ugly thing but does no damage.
Okay, then.
Okay, then.
Something hits you.
* * * LOW HITPOINT WARNING * * *
The brown ugly thing tail-slaps Xochitl.
Xochitl is splashed with acid.
Something completely misses you.
Xochitl hits the brown ugly thing but does no damage.
As you read the scroll of teleportation, it crumbles to dust.
You feel strangely unstable. Something misses you.
The brown ugly thing tail-slaps Xochitl.
Xochitl is splashed with acid.
The acid corrodes Xochitl!
Xochitl blocks something's attack.
A white ugly thing comes into view.
Something hits you.
You die...

#..###...##......# #
##...###.........#
.u
#.##...###....####
#.###.##..##.###...#
#ou#..........'##.#
##u....#...###...#
#)R##....###...###
#)#.....###....## #
#:###.s###......#
.### ##
####........# ...##
##.....###### #...#
#.....## ....##
##...### .....#
#...## .#...##
##...# ####..###
#...## # ##.##.
##...#


You could see the friendly Xochitl the knight and 2 ugly things.

Vanquished Creatures
  A kobold demonologist (D:8)
  Sigmund (D:3)
  3 hogs (D:7)
  A human (D:7)
  2 orc warriors
  3 ogres
  2 centaurs
  2 bullfrogs
  2 wights (D:6)
  4 crimson imps
  A bullfrog zombie (D:5)
  A jelly (D:7)
  2 orc priests (D:7)
  A hound (D:7)
  Crazy Yiuf (D:2)
  4 orc wizards
  3 worker ants
  A hound skeleton (D:6)
  3 gnolls
  2 howler monkey skeletons (D:4)
  5 adders
  5 shadow imps
  2 oozes
  An adder skeleton (D:4)
  An adder zombie (D:6)
  4 worms
  2 dart slugs (D:1)
  6 leopard geckos
  23 orcs
  5 giant cockroaches
  6 goblins
  5 hobgoblins
  7 jackals
  6 kobolds
  4 quokkas
  7 bats
  8 frilled lizards
  9 rats
146 creatures vanquished.

Vanquished Creatures (collateral kills)
  A hog (D:7)
  An ogre (D:5)
  2 wights
  A crimson imp (D:6)
  A hound skeleton (D:6)
  2 adders
  An adder zombie (D:6)
  5 orcs
14 creatures vanquished.

Grand Total: 160 creatures vanquished

Notes
Turn   | Place    | Note
-------+----------+-------------------------------------------
     0 | D:1      | MisterFreud the Draconian Transmuter began the quest for
                  | the Orb.
     0 | D:1      | Reached XP level 1. HP: 16/16 MP: 3/3
   135 | D:1      | Reached XP level 2. HP: 23/23 MP: 3/5
   849 | D:2      | Reached XP level 3. HP: 27/28 MP: 7/7
   959 | D:2      | Found a runed translucent door.
   960 | D:2      | Noticed Crazy Yiuf
   966 | D:2      | Learned a level 2 spell: Sticks to Snakes
   970 | D:2      | Learned a level 3 spell: Spider Form
   976 | D:2      | Killed Crazy Yiuf
   976 | D:2      | Reached skill level 3 in Transmutations
  1040 | D:2      | Found a bloodstained altar of Trog.
  1292 | D:2      | Reached XP level 4. HP: 35/35 MP: 8/8
  1682 | D:2      | Reached skill level 4 in Transmutations
  2180 | D:3      | Found a shattered altar of Ashenzari.
  2356 | D:3      | Noticed Sigmund
  2367 | D:3      | Reached XP level 5. HP: 40/40 MP: 5/9
  2378 | D:3      | Killed Sigmund
  2378 | D:3      | Reached skill level 5 in Transmutations
  2379 | D:3      | Reached XP level 6. HP: 39/47 MP: 6/10
  2521 | D:4      | Reached skill level 6 in Transmutations
  2955 | D:4      | Your scales start taking on a pale cyan-grey colour.
  2955 | D:4      | Reached XP level 7. HP: 31/52 MP: 13/13
  3155 | D:4      | Found a hide-covered altar of Uskayaw.
  3459 | D:4      | Reached skill level 5 in Unarmed Combat
  3466 | D:4      | Learned a level 5 spell: Blade Hands
  3713 | D:5      | Entered Level 5 of the Dungeon
  3832 | D:5      | Found a shimmering altar of Xom.
  3833 | D:5      | Found a burning altar of Makhleb.
  3867 | D:5      | Found a staircase to the Ecumenical Temple.
  3877 | Temple   | Entered the Ecumenical Temple
  3981 | Temple   | Became a worshipper of Hepliaklqana the Forgotten
  4156 | D:5      | Reached XP level 8. HP: 31/53 MP: 14/14
  4225 | D:5      | Found an iron altar of Okawaru.
  4683 | D:6      | Found a hazy altar of Hepliaklqana.
  4895 | D:6      | Reached skill level 7 in Transmutations
  4942 | D:6      | Reached * piety under Hepliaklqana
  5911 | D:7      | Reached skill level 5 in Spellcasting
  5961 | D:7      | Reached ** piety under Hepliaklqana
  5962 | D:7      | Remembered your ancestor Xochitl as a knight
  6053 | D:7      | Found an ornate altar of the Wu Jian Council.
  6055 | D:7      | Found a stormy altar of Qazlal.
  6144 | D:7      | Reached skill level 8 in Transmutations
  6149 | D:7      | Reached XP level 9. HP: 46/57 MP: 13/17
  6212 | D:7      | Found a blossoming altar of Fedhas.
  6669 | D:7      | Reached skill level 9 in Transmutations
  6805 | D:8      | Noticed a kobold demonologist
  6809 | D:8      | Noticed a brown ugly thing
  6816 | D:8      | Killed a kobold demonologist
  6824 | D:8      | Identified the +8 longbow of Epsos {freeze, +Fly rPois rC+}
  6827 | D:8      | Noticed a white ugly thing
  6827 | D:8      | Slain by an unseen horror

Levels and vault maps discovered:
D:1:      sevenhm_arrival_forest_fort_small_5, layout_loops_cross
D:2:      layout_basic, lemuel_doored_altar, uniq_crazy_yiuf_cottage
D:3:      layout_rooms, serial_park_tiny_2, evilmike_ruin_ashenzari,
          uniq_sigmund
D:4:      layout_loops_ring, eat_drink_and_be_merry_uskayaw
D:5:      layout_basic, grunt_temple_overflow_champion_of_chaos,
          okawaru_trees_1, minmay_temple_entry_ruins, first_ration,
          grunt_ministairs_5
D:6:      layout_basic, basic_altar, lightli_orcish_oven
D:7:      layout_basic, lemuel_crystal_altar, minitemple, st_stairs_13,
          grunt_livestock, interstate_on_off
D:8:      minmay_the_grid_four_pointed_star
          [minmay_the_grid_triangle_9x9_warning,
          minmay_the_grid_triangle_9x9_skeleton,
          minmay_the_grid_triangle_9x9_swiss_cheese,
          minmay_the_grid_triangle_9x9_odd_lines,
          minmay_the_grid_prize_trominoes], layout_rooms, slow_altar_1,
          hangedman_abyss_or_decor_stabs, trog_three_pillars_becter
Temple:   nicolae_temple_hex_pool

Skill      XL: |  1  2  3  4  5  6  7  8  9 |
---------------+----------------------------+-----
Spellcasting   | 3 4 5 6 |  6.1
Transmutations | 3 4 5 6 8 9 |  9.3
Unarmed Combat | 4 6 7 8 |  8.0
Fighting       | |  1.1
Dodging        | |  1.7

Action                   |  1- 3 |  4- 6 |  7- 9 || total
-------------------------+-------+-------+-------++-------
Melee: Unarmed           |   108 |   192 |   322 ||   622
       Kick              |     3 |     1 |       ||     4
       Tailslap          |    12 |    12 |     7 ||    31
       Headbutt          |     2 |       |       ||     2
       Punch             |       |     1 |     2 ||     3
 Cast: Beastly Appendage |     8 |     1 |       ||     9
       Spider Form       |     1 |    10 |    28 ||    39
Invok: Ancestor Life: Kn |       |       |     1 ||     1
 Abil: End Transformatio |       |     1 |       ||     1
  Use: Scroll            |       |    12 |     6 ||    18
 Stab: Sleeping          |       |     1 |     3 ||     4
       Distracted        |       |       |     2 ||     2
  Eat: Chunk             |     2 |     6 |    15 ||    23
Armor: Skin              |    28 |    23 |    25 ||    76
Dodge: Dodged            |   101 |   144 |   277 ||   522

Table legend:
 A = Non-vault XP
 B = Vault XP
 C = Vault XP percentage of total XP
 D = Non-vault monster count
 E = Vault monster count
 F = Vault count percentage of total count
                 A         B        C        D         E       F
            +---------+---------+-------+---------+---------+-------
      Total |    2137 |    2084 |  49.4 |     140 |      20 |  12.5
            +---------+---------+-------+---------+---------+-------
        D:1 |      66 |       0 |   0.0 |      20 |       0 |   0.0
        D:2 |      40 |      39 |  49.4 |      17 |       1 |   5.6
        D:3 |      59 |     223 |  79.1 |      24 |       1 |   4.0
        D:4 |     630 |      50 |   7.4 |      28 |       1 |   3.4
        D:5 |     329 |     165 |  33.4 |      12 |       2 |  14.3
        D:6 |     395 |     148 |  27.3 |      12 |       6 |  33.3
        D:7 |     550 |    1085 |  66.4 |      22 |       7 |  24.1
        D:8 |      68 |     374 |  84.6 |       5 |       2 |  28.6
            +---------+---------+-------+---------+---------+-------
